 Dungeon Crawl Stone Soup version 0.19.5 (webtiles) character file.

155 miragecloak the Poker (level 5, -2/41 HPs)
             Began as a Merfolk Abyssal Knight on May 9, 2017.
             Was a Believer of Lugonu.
             Slain by a hound (4 damage)
             ... on level 3 of the Dungeon.
             The game lasted 00:02:24 (2987 turns).

miragecloak the Poker (Merfolk Abyssal Knight)      Turns: 2987, Time: 00:02:25

Health: -2/41      AC:  5    Str: 12    XL:     5   Next: 37%
Magic:  6/6        EV: 13    Int: 11    God:    Lugonu [**....]
Gold:   98         SH:  0    Dex: 21    Spells: 0 memorised, 4 levels left

rFire  . . .     SeeInvis .     a - +1 spear
rCold  . . .     Gourm    .     b - +0 leather armour
rNeg   . . .     Faith    .     (no shield)
rPois  .         Spirit   .     (no helmet)
rElec  .         Reflect  .     f - +0 cloak
rCorr  .         Harm     .     i - +0 pair of gloves
MR     .....                    (no boots)
Stlth  ++........               (no amulet)
                                (no ring)
                                h - +6 ring of dexterity

@: no status effects
A: change form in water, swift swim, stealthy swim
a: Depart the Abyss, Bend Space, Renounce Religion


You were on level 3 of the Dungeon.
You worshipped Lugonu.
Lugonu was pleased with you.
You were hungry.

You visited 1 branch of the dungeon, and saw 3 of its levels.
You visited the Abyss 1 time.

You collected 98 gold pieces.

Inventory:

Hand Weapons
 a - a +1 spear (weapon)
Armour
 b - a +0 leather armour (worn)
 f - a +0 cloak (worn)
 i - a +0 pair of gloves (worn)
Jewellery
 h - a +6 ring of dexterity (left hand)
Scrolls
 e - a scroll of fog {unknown}
 g - a scroll of random uselessness {unknown}
 j - a scroll of amnesia {unknown}
 m - a scroll of fear {unknown}
 n - 2 scrolls of immolation {unknown}
 o - a scroll of identify {unknown}
Potions
 d - a potion of lignification {unknown}
 l - a potion of brilliance {unknown}
 q - a potion of cure mutation {unknown}
Comestibles
 c - a bread ration
 k - 3 meat rations


   Skills:
 - Level 3.2 Fighting
 + Level 7.8 Polearms
 - Level 0.6 Armour
 - Level 2.6 Dodging
 - Level 2.0 Invocations


You had 4 spell levels left.
You didn't know any spells.

Dungeon Overview and Level Annotations

Branches:
Dungeon (3/15)

Altars:
Fedhas


Message History

You hit the orc priest.
You kill the orc priest!
Lugonu accepts your kill.
You barely miss the hound. The hound bites you.
* * * LOW HITPOINT WARNING * * *
You puncture the hound!
The hound is moderately wounded.
The hound bites you.
* * * LOW HITPOINT WARNING * * *
You completely miss the hound.
The hound is moderately wounded.
The hound bites you.
* * * LOW HITPOINT WARNING * * *
You hit the hound but do no damage.
The hound is moderately wounded.
The hound closely misses you.
You closely miss the hound.
The hound is moderately wounded.
The hound bites you.
You die...

#. ##
##.. ##.
.#. ..#..
... #
#.##.#.#.
#.)......
#h##.#...
#@# #.#
#(. ####


You could see a hound.

Vanquished Creatures
  2 orc priests (D:3)
  2 adders (D:2)
  A gnoll (D:1)
  2 worms (D:2)
  A dart slug (D:2)
  3 leopard geckos
  4 orcs
  8 bats
  6 giant cockroaches
  6 goblins
  2 hobgoblins (D:1)
  3 jackals (D:1)
  6 kobolds
  4 frilled lizards
  5 rats
55 creatures vanquished.

Notes
Turn   | Place    | Note
-------+----------+-------------------------------------------
     0 | Abyss:1  | miragecloak the Merfolk Abyssal Knight began the quest for the Orb.
     0 | Abyss:1  | Reached XP level 1. HP: 18/18 MP: 2/2
     0 | Abyss:1  | Found a corrupted altar of Lugonu.
    44 | Abyss:1  | Found a corrupted altar of Lugonu.
    54 | Abyss:1  | Found a corrupted altar of Lugonu.
   176 | Abyss:1  | Noticed a large abomination
   177 | D:1      | Escaped the Abyss
   230 | D:1      | Reached * piety under Lugonu
   236 | D:1      | Reached skill level 4 in Polearms
   236 | D:1      | Reached XP level 2. HP: 13/24 MP: 3/3
   854 | D:1      | Reached skill level 5 in Polearms
   854 | D:1      | Reached XP level 3. HP: 29/29 MP: 4/4
  1529 | D:2      | Found a blossoming altar of Fedhas.
  1551 | D:2      | Reached ** piety under Lugonu
  1551 | D:2      | Reached skill level 6 in Polearms
  1551 | D:2      | Reached XP level 4. HP: 35/35 MP: 5/5
  2332 | D:3      | Reached skill level 7 in Polearms
  2332 | D:3      | Reached XP level 5. HP: 17/41 MP: 6/6
  2985 | D:3      | HP: 2/41 [hound (3)]
  2987 | D:3      | Slain by a hound

Skill      XL: |  1  2  3  4 |
---------------+-------------+-----
Polearms       | 4 5 6 7 |  7.8
Fighting       | |  3.2
Armour         | |  0.6
Dodging        | |  2.6
Invocations    | |  2.0

Action                   |  1- 3 |  4- 6 || total
-------------------------+-------+-------++-------
Melee: Spear             |   132 |    88 ||   220
       Tailslap          |     1 |       ||     1
Invok: Depart the Abyss  |     1 |       ||     1
 Stab: Sleeping          |     4 |     1 ||     5
       Distracted        |     1 |       ||     1
  Eat: Chunk             |     2 |     4 ||     6
Armor: Leather armour    |    35 |    12 ||    47
Dodge: Dodged            |    70 |    33 ||   103
